*, chaotic male orcish Wizard ------ |....| ##.....| #########*############## # |...<+ #------------- ### |....| #|`.........`| # ---.-- #|.....`.....| # ------------- #....-----...| # |..%........-#######|...|.{.|...-# |....%......| #|..`|{.{|`..|# |............ ##|...|.{.|...|# |......@a...| |...--.--...|# -------_-..-. |.....`.....|## # # |`.........`.# # --.------.-.- # * the Thaumaturge Experience level: 6 Strength: 14 Dexterity: 13 Constitution: 17 Intelligence: 16 Wisdom: 11 Charisma: 10 Health: 0(49) Energy: 18(38) Def: 3 Gold: 676 Moves: 4889 Dungeon seed: yOQC2EXz7nopdJ_J Game ID: *_1580398526 Your Inventory: Coins $ - 676 gold pieces Weapons a - a blessed +1 quarterstaff (weapon in hands) Armor n - an uncursed +0 leather armor (being worn) y - an uncursed +0 orcish helm (being worn) Comestibles j - an uncursed food ration o - an uncursed partly eaten lichen corpse Scrolls i - an uncursed scroll of light Spellbooks X - an uncursed spellbook of cone of cold Potions f - an uncursed potion of restore ability p - a cursed potion of confusion s - an uncursed potion of object detection t - an uncursed potion of confusion V - a cursed potion of speed Z - an uncursed potion of water Rings c - an uncursed ring of regeneration d - an uncursed ring of fire resistance Wands b - a wand of lightning (0:5) v - a wand of cold (0:4) H - a wand of secret door detection (0:13) W - a wand of probing (0:6) Y - a wand of digging (0:5) Gems q - an uncursed jade stone r - 2 uncursed worthless pieces of orange glass N - an uncursed worthless piece of yellowish brown glass Iron balls e - an uncursed heavy iron ball (chained to you) Spells and supernatural/magical abilities: Name Level Category Fail Memory a - force bolt 1 attack 0% 94% l - light 1 divination 0% 94% o - cone of cold 4 attack 85% 97% O - create monster 2 clerical 70% 94% W - pray for help -- divine ? -- Your skills at the end: Fighting Skills Weapon Skills quarterstaff [Basic] Spellcasting Skills attack spells [Basic] enchantment spells [Basic] Final Attributes: You were piously aligned. You were poison resistant. You had infravision. You are dead. Vanquished creatures: a giant mimic a large mimic 2 small mimics an imp a wood nymph a rock mole a pony a fog cloud 2 shriekers a little dog a floating eye a kitten 2 homunculi a kobold shaman a hill orc a rabid rat a centipede 2 giant bats 3 orc zombies 2 iguanas 3 acid blobs a coyote a large kobold 2 hobgoblins 6 giant rats a cave spider a brown mold a gnome zombie a gecko 4 jackals a kobold 5 goblins 4 sewer rats 4 grid bugs 3 bats 4 lichens 6 newts 75 creatures vanquished. Voluntary challenges: You were an atheist. You used a wielded weapon 67 times, starting on turn 61. You read items or engraved 32 times, starting on turn 788. You never genocided any monsters. You never polymorphed an object. You never changed form. You used no wishes. You never split a pudding. You never wrote Elbereth's name. You violated your moral code, losing 156 points of alignment, starting on turn 320. Dungeon overview: The Dungeons of Doom: levels 1 to 7 Level 1 some fountains a long staircase Level 2 an altar to Anhur, a fountain, a sink Level 3 a general store a long staircase Level 4 Level 5 a general store, a fountain, a sink Level 6 Level 7 <- You were here many fountains History has recorded: On T:1 you entered the Dungeons of Doom to retrieve the Amulet of Yendor! On T:616 you reached level 2 of The Dungeons of Doom. On T:682 you reached level 4 of The Dungeons of Doom. On T:767 you reached level 3 of The Dungeons of Doom. On T:776 you advanced to experience level 2. On T:1235 you advanced to experience level 3. On T:1773 you advanced to experience level 4. On T:2464 you advanced to experience level 5. On T:3078 you reached level 5 of The Dungeons of Doom. On T:3456 you advanced to experience level 6. On T:3943 you reached level 6 of The Dungeons of Doom. On T:4442 you reached level 7 of The Dungeons of Doom. Score breakdown: Gold: 676 ( 9628 points) Experience: 6 levels (12456 points) Exploration: 7 levels ( 14.00%) (10497 points) Discoveries: 5 items ( 1.81%) ( 4037 points) Valuables value: (no points given unless you survive) Artifact value: 0 ( 0 points) Variety of kills: 37 monsters ( 9.71%) ( 9348 points) Turncount: 4889 turns (-1321 points) Survival: died (score multiplied by 80%) Total score: 35716 Latest messages: Never mind. You fall into a pit! You land on a set of sharp iron spikes! You have a little trouble lifting s - a bubbly potion. You see here a looking glass. You are still in a pit. You miss the fire ant. The fire ant bites! (2x) You're on fire! You miss the fire ant. The fire ant bites! (2x) You're on fire! Your scroll of genocide catches fire and burns! The fire ant bites! (2x) You're on fire! Your spellbook of force bolt catches fire and burns! Your spellbook of create monster catches fire and burns! Your spellbook of light catches fire and burns! You miss the fire ant. The fire ant bites! You die... Final status: Goodbye * the Wizard, killed by a fire ant... You died in The Dungeons of Doom on dungeon level 7 with 35716 points, and 676 pieces of gold, after 4889 moves. You were level 6 with a maximum of 49 hit points when you died.